 Dungeon Crawl Stone Soup version 0.29.1-13-g9f3cf754e1 (webtiles) character file.

Game seed: 104640603717044305

129 croobank the Conjurer (level 4, 0/34 HPs)
             Began as a Demonspawn Conjurer on Jan 22, 2023.
             Constricted to death by Sigmund (4 damage)
             ... on level 3 of the Dungeon.
             The game lasted 00:07:06 (2715 turns).

croobank the Conjurer (Demonspawn Conjurer)         Turns: 2715, Time: 00:07:06

Health: 0/34       AC:  7    Str:  8    XL:     4   Next: 88%
Magic:  1/7        EV:  9    Int: 21    God:
Gold:   118        SH:  4    Dex: 11    Spells: 5/8 levels left

rFire   . . .      SeeInvis .   f - +4 dagger
rCold   . . .      Faith    .   (no shield)
rNeg    . . .      Spirit   .   a - +1 robe
rPois   .          Reflect  .   (no helmet)
rElec   .          Harm     .   (no cloak)
rCorr   .          Rampage  .   (no gloves)
Will    .....                   (no boots)
Stlth   ++........              (no amulet)
HPRegen 0.11/turn               (no ring)
MPRegen 0.10/turn               (no ring)

@: brilliant, grasped by roots, constricted
A: icemail 1, condensation shield, weakness stinger 1
a: no special abilities


You were on level 3 of the Dungeon.
You visited 1 branch of the dungeon, and saw 3 of its levels.

You collected 118 gold pieces.

Inventory:

Hand Weapons
 d - a +0 rapier
 f - a +4 dagger (weapon)
Armour
 a - a +1 robe (worn)
Scrolls
 c - a scroll of teleportation {unknown}
Potions
 b - a potion of magic
 j - a potion of flight {unknown}
 k - a potion of lignification {unknown}
 l - 2 potions of mutation


   Skills:
 * Level 2.5 Fighting
 + Level 2.4 Dodging
 + Level 2.5 Stealth
 + Level 2.6 Spellcasting
 + Level 4.4 Conjurations


You had 5 spell levels left.
You knew the following spells:

 Your Spells              Type           Power      Damage    Failure   Level
a - Magic Dart            Conj           100%       1d8       2%          1
b - Searing Ray           Conj           62%        2d6       3%          2

Your spell library contained the following spells:

 Spells                   Type           Power      Damage    Failure   Level
 Dazzling Flash           Conj/Hex       36%        N/A       17%         3
 Sublimation of Blood     Necr           4%         N/A       22%         2
 Wereblood                Tmut           4%         N/A       22%         2
 Fulminant Prism          Conj/Hex       9%         3d7       50%         4
 Iskenderun's Mystic Bla  Conj/Tloc      18%        2d6       50%         4
 Summon Hydra             Summ           2%         N/A       100%        7


Dungeon Overview and Level Annotations

Branches:
Dungeon (3/15)

Altars:
Qazlal

Annotations:
D:3 Sigmund


Innate Abilities, Weirdness & Mutations

A meltable icy envelope protects you from harm. (AC +4)
A meltable shield of frost defends you. (SH +4)
You have a small tail.


Message History

Aiming: Searing Ray (safe; 3% risk of failure)
Press: ? - help, Shift-Dir - straight line The searing ray hits something! (Press . to maintain the ray.)
A magic dart appears from out of thin air!
The magic dart hits you.
An endoplasm comes into view.
Found a robe.
You hear a zap.
The roots erupt in riotous growth!
The grasping roots grab you!
You are constricted.
The endoplasm moves out of view.
You barely miss something.
You hear some strange, mumbled words.
You are confused.
You are constricted.
You escape the roots grasp.
You hear a zap.
The roots erupt in riotous growth!
The grasping roots grab you!
You are constricted.
You escape the roots grasp.
Something hits you but does no damage. Something hits you.
* * * LOW HITPOINT WARNING * * *
You bump into the rock wall.
You bump into the rock wall.
You hear a zap.
The roots erupt in riotous growth!
The grasping roots grab you!
You are constricted.
* * * LOW HITPOINT WARNING * * *
Okay, then.
You are too confused!
Unknown command.
It was a potion of brilliance.
You feel clever all of a sudden.
You feel less confused.
You hear some strange, mumbled words.
Something tries to affect you, but you resist.
You are constricted.
You die...

#....###... ..#
#.......(. #.# #(.......
... #.$....###..# #.#
#....J.#....# #..
#......#....######<#
#...{..#....+.......
#?.....#....#.......
#..@...#....######..
#####'##....# .....#
#######.......# ####.#
#...........### #..
##.###...###.########.#
#...................#.#
####.###..............#.#
#..........#.######......
####.........# ###.###


You could see an endoplasm.

Vanquished Creatures
  Natasha (thrice) (D:2)
  An adder (D:2)
  A worm (D:3)
  2 dart slugs
  3 ball pythons (D:1)
  5 endoplasms
  A giant cockroach (D:3)
  5 goblins
  5 hobgoblins
  4 bats
  2 frilled lizards (D:2)
  5 kobolds (D:1)
  5 rats
42 creatures vanquished.

Notes
Turn   | Place    | Note
-------+----------+-------------------------------------------
     0 | D:1      | croobank the Demonspawn Conjurer began the quest for the
                  | Orb.
     0 | D:1      | Reached XP level 1. HP: 13/13 MP: 3/3
   549 | D:1      | Gained mutation: A meltable shield of frost defends you.
                  | (SH +4) [demonic ancestry]
   549 | D:1      | Reached XP level 2. HP: 17/20 MP: 1/5
   584 | D:1      | Learned a level 2 spell: Searing Ray
   703 | D:1      | Reached skill level 1 in Fighting
  1279 | D:2      | Found a stormy altar of Qazlal.
  1394 | D:2      | Gained mutation: A meltable icy envelope protects you from
                  | harm. (AC +4) [demonic ancestry]
  1394 | D:2      | Reached XP level 3. HP: 26/26 MP: 3/6
  1865 | D:2      | Noticed Natasha
  1870 | D:2      | Killed Natasha
  1871 | D:2      | Gained mutation: You have a small tail. [demonic ancestry]
  1871 | D:2      | Reached XP level 4. HP: 28/33 MP: 0/7
  1998 | D:2      | Noticed Natasha
  2002 | D:2      | Killed Natasha
  2017 | D:2      | Noticed Natasha
  2023 | D:2      | Killed Natasha
  2697 | D:3      | Noticed Sigmund
  2715 | D:3      | Constricted to death by Sigmund

Illustrated notes

Levels and vault maps discovered:
D:1:      dpeg_arrival_chambers_temple_mockup, layout_basic
D:2:      layout_loops_cross, basic_altar, uniq_natasha
D:3:      layout_basic, nzn_overflow_gifts_of_might_and_magic,
          shapermc_ecumenical_altar_pompeii, uniq_sigmund

Skill      XL: |  1  2  3 |
---------------+----------+-----
Stealth        | 2 |  2.5
Fighting       | 1 2 |  2.5
Dodging        | 2 |  2.4
Spellcasting   | |  2.6
Conjurations   | |  4.4

Action                   |  1- 3 |  4- 6 || total
-------------------------+-------+-------++-------
Melee: Rapier            |     8 |       ||     8
       Dagger            |    31 |     2 ||    33
Throw: Throwing net      |       |     1 ||     1
 Cast: Magic Dart        |    20 |     4 ||    24
       Searing Ray       |    13 |     9 ||    22
  Use: Scroll            |       |     7 ||     7
       Potion            |       |     2 ||     2
 Stab: Sleeping          |     4 |       ||     4
Armor: Robe              |    17 |     1 ||    18
Dodge: Dodged            |    37 |     4 ||    41
Block: Other             |    10 |       ||    10
